 Dungeon Crawl Stone Soup version 0.30-b1-5-g8e6c1be481 (webtiles) character file.

Game seed: 7686783381079353130

664 ArmilaHabana the Slasher (level 7, -12/54 HPs)
             Began as a Human Fighter on May 3, 2023.
             Was a Believer of the Shining One.
             Killed from afar by a steam dragon (16 damage)
             ... with a ball of steam
             ... on level 4 of the Dungeon.
             The game lasted 00:11:30 (3577 turns).

ArmilaHabana the Slasher (Human Fighter)            Turns: 3577, Time: 00:11:30

Health: -12/54     AC:  7    Str: 16    XL:     7   Next: 87%
Magic:  7/7        EV:  9    Int: 16    God:    the Shining One [**....]
Gold:   238        SH: 10    Dex: 13    Spells: 6/6 levels left

rFire   . . .        a - +0 long sword
rCold   . . .        c - +0 buckler
rNeg    + . .        b - +0 scale mail
rPois   .            (no helmet)
rElec   .            (no cloak)
rCorr   .            (no gloves)
SInv    .            (no boots)
Will    +....        t - amulet of reflection
Stlth   +            h - ring of willpower
HPRegen 0.29/turn    v - +6 ring of intelligence
MPRegen 0.10/turn

%: reflection
@: glowing
A: no striking features
a: Renounce Religion, Divine Shield


You were on level 4 of the Dungeon.
You worshipped the Shining One.
The Shining One was pleased with you.
You visited 1 branch of the dungeon, and saw 4 of its levels.
You also visited: Sewer.

You collected 238 gold pieces.

Inventory:

Hand Weapons
 a - a +0 long sword (weapon)
Missiles
 o - 6 poisoned darts
 u - 2 atropa-tipped darts (quivered)
Armour
 b - a +0 scale mail (worn)
 c - a +0 buckler (worn)
Jewellery
 h - a ring of willpower (left hand)
 t - an amulet of reflection (around neck)
 v - a +6 ring of intelligence (right hand)
Scrolls
 d - 3 scrolls of teleportation
 g - 2 scrolls of identify
 i - a scroll of silence
 k - 4 scrolls of immolation
 q - a scroll of fog
 w - a scroll of vulnerability {unknown}
 y - 3 scrolls of blinking {unknown}
Potions
 f - 2 potions of mutation {unknown}
 j - a potion of heal wounds {unknown}
 l - a potion of cancellation {unknown}
 m - 2 potions of flight
 n - a potion of berserk rage {unknown}
 p - 2 potions of brilliance {unknown}
 s - a potion of degeneration {unknown}
 x - a potion of haste {unknown}


   Skills:
 * Level 4.0 Fighting
 * Level 4.7 Long Blades
 * Level 1.1 Throwing
 * Level 4.6 Armour
 * Level 2.0 Dodging
 * Level 2.3 Stealth
 * Level 4.0 Shields
 * Level 0.2 Spellcasting
 * Level 1.2 Invocations


You had 6 spell levels left.
You didn't know any spells.
Your spell library was empty.

Dungeon Overview and Level Annotations

Branches:
Dungeon (4/15)              Sewer (visited)
 Temple: D:4-7

Altars:
Elyvilon
Fedhas
Trog
The Shining One

Annotations:
D:4 4 runed translucent doors


Message History

The steam dragon is lightly wounded.
The steam dragon bites you but does no damage.
The steam dragon claws you.
You hit the steam dragon but do no damage.
The steam dragon is lightly wounded.
The steam dragon breathes steam at you. The ball of steam hits you!
* * * LOW HITPOINT WARNING * * *
You hit the steam dragon but do no damage.
The steam dragon is lightly wounded.
You are engulfed in a cloud of scalding steam.
You block the steam dragon's attack. x2
You hit the steam dragon but do no damage.
The steam dragon is lightly wounded.
You are engulfed in a cloud of scalding steam.
* * * LOW HITPOINT WARNING * * *
The steam dragon bites you.
* * * LOW HITPOINT WARNING * * *
The steam dragon claws you but does no damage.
You block the steam dragon's attack.
The steam dragon claws you but does no damage.
You feel better.
You are engulfed in a cloud of scalding steam.
* * * LOW HITPOINT WARNING * * *
The steam dragon bites you but does no damage.
The steam dragon claws you but does no damage.
As you read the scroll of summoning, it crumbles to dust.
Wisps of shadow whirl around you...
You are engulfed in a cloud of scalding steam.
* * * LOW HITPOINT WARNING * * *
You block the steam dragon's attack. The steam dragon closely misses you.
You swap places.
Your kobold completely misses the steam dragon.
Your orc hits the steam dragon but does no damage.
The steam dragon breathes steam at you. The ball of steam hits your kobold!!
Your kobold dies!
Your kobold's corpse dissolves into shadows!
The ball of steam hits you!
You die...

## ### .. ..# ##.#. ..##
#....######..# #.#.##oD§@##.#
#.#.#.####.#.#############
##.#.#§§.#.##..........>...
#######..#.#§#.##.'.##++##...#.##
.<......##.#.##.#####8S.8##..#.#
###.###....##[ .$# #8....8#.##.#
#.# #.##..## ## #?....:#.##.#
###.###.##..###### #)....(#.##.#
...........##....# #8....8#.##.##


You could see a steam dragon (catching breath).

Vanquished Creatures
  Sigmund (D:4)
  A scorpion (D:4)
  A jelly (D:4)
  An orc priest (D:3)
  Terence (D:2)
  Jessica (D:2)
  2 iguanas (D:4)
  A sickly merfolk siren (Sewer)
  An orc wizard (D:4)
  A malarious merfolk avatar (Sewer)
  9 adders
  A river rat (Sewer)
  An ufetubus (D:4)
  A worm (D:3)
  2 dart slugs (D:3)
  6 orcs
  2 bats
  8 endoplasms
  8 giant cockroaches
  4 goblins
  5 hobgoblins
  3 jackals (D:3)
  9 quokkas
  7 ball pythons
  7 frilled lizards
  7 kobolds
  18 rats
109 creatures vanquished.

Vanquished Creatures (others)
  A hobgoblin (D:4)
  A fungus (D:1)
2 creatures vanquished.

Grand Total: 111 creatures vanquished

Notes
Turn   | Place    | Note
-------+----------+-------------------------------------------
     0 | D:1      | ArmilaHabana the Human Fighter began the quest for the Orb.
     0 | D:1      | Reached XP level 1. HP: 18/18 MP: 1/1
    13 | D:1      | Noticed an electric eel
   119 | D:1      | Found a faded altar of an unknown god.
   146 | D:1      | Prayed at the altar of an unknown god.
   146 | D:1      | Became a worshipper of the Shining One
   146 | D:1      | Reached * piety under the Shining One
   226 | D:1      | Reached XP level 2. HP: 23/24 MP: 2/2
   277 | D:2      | Noticed Jessica
   282 | D:2      | Killed Jessica
   283 | D:2      | Reached XP level 3. HP: 29/29 MP: 3/3
   288 | D:2      | Noticed Terence
   301 | D:2      | Killed Terence
   302 | D:2      | Reached XP level 4. HP: 12/35 MP: 4/4
   568 | D:2      | Reached skill level 1 in Dodging
   620 | D:2      | Found a blossoming altar of Fedhas.
   673 | D:3      | Reached skill level 1 in Stealth
   804 | D:3      | Found a glowing drain.
   822 | D:3      | Reached XP level 5. HP: 39/39 MP: 5/5
   826 | Sewer    | Entered a sewer
  1125 | Sewer    | Reached XP level 6. HP: 43/48 MP: 6/6
  1501 | D:3      | Found a white marble altar of Elyvilon.
  1629 | D:3      | Reached ** piety under the Shining One
  2488 | D:3      | Found a bloodstained altar of Trog.
  2768 | D:4      | Reached XP level 7. HP: 48/53 MP: 7/7
  2919 | D:4      | Noticed Sigmund
  2951 | D:4      | Killed Sigmund
  2952 | D:4      | Reached skill level 1 in Throwing
  2952 | D:4      | Reached skill level 1 in Invocations
  3047 | D:4      | Found a large runed translucent door.
  3047 | D:4      | Found a large runed translucent door.
  3056 | D:4      | Noticed a water moccasin
  3417 | D:4      | Found a large runed translucent door.
  3418 | D:4      | Found a large runed translucent door.
  3563 | D:4      | Noticed a steam dragon
  3577 | D:4      | Killed from afar by a steam dragon

Illustrated notes

Levels and vault maps discovered:
D:1:      arrival_aquarium_a, layout_basic, shapermc_ecumenical_altar_acropolis,
          amcnicky_mini_corridor_feature, minivault_25, minmay_tripent
D:2:      layout_loops_corners, basic_altar, minmay_misc_feat_ornament,
          corexii_leaking_fountain, uniq_jessica, uniq_terence
D:3:      minmay_diamond_boxcup, layout_loops_ring, trog_book,
          nicolae_overflow_crystal_walls, gup_sewer_entry_pipe,
          minmay_misc_feat_five, st_stairs_10, minmay_puff
D:4:      layout_loops_ring, minmay_hollow_rounded_squares, uniq_sigmund

Skill      XL: |  1  2  3  4  5  6  7 |
---------------+----------------------+-----
Dodging        | 1 2 |  2.0
Stealth        | 1 2 |  2.3
Long Blades    | 3 4 |  4.7
Armour         | 4 |  4.6
Fighting       | 4 |  4.0
Throwing       | 1 |  1.1
Shields        | 4 |  4.0
Invocations    | 1 |  1.2
Spellcasting   | |  0.2

Action                     |  1- 3 |  4- 6 |  7- 9 || total
---------------------------+-------+-------+-------++-------
  Melee: Long sword        |    42 |   254 |    64 ||   360
  Throw: Dart              |       |       |     4 ||     4
    Use: Scroll            |       |     6 |     1 ||     7
         Potion            |       |     3 |     3 ||     6
 Armour: Scale mail        |    19 |   122 |    22 ||   163
  Dodge: Dodged            |    18 |   121 |    25 ||   164
  Block: Buckler           |    11 |    59 |    26 ||    96
         Reflection        |       |       |     1 ||     1
